 Dungeon Crawl Stone Soup version 0.21.0-3-g78d12a8bdd (webtiles) character file.

247 Manul the Sneak (level 5, -4/40 HPs)
             Began as a Demonspawn Assassin on Jan 12, 2018.
             Slain by Natasha (7 damage)
             ... on level 2 of the Dungeon.
             The game lasted 00:02:59 (2245 turns).

Manul the Sneak (Demonspawn Assassin)               Turns: 2245, Time: 00:02:59

Health: -4/40      AC:  4    Str: 12    XL:     5   Next: 85%
Magic:  5/5        EV: 12    Int: 12    God:
Gold:   101        SH:  0    Dex: 17    Spells: 1/4 levels left

rFire    . . .     SeeInvis .   a - +3 dagger
rCold    . . .     Gourm    .   (no shield)
rNeg     . . .     Faith    .   c - +0 robe
rPois    .         Spirit   .   (helmet restricted)
rElec    .         Reflect  .   d - +0 cloak
rCorr    .         Harm     .   (no gloves)
MR       .....                  o - +0 pair of boots
Stlth    ++++......             (no amulet)
HPRegen  0.13/turn              (no ring)
MPRegen  0.09/turn              (no ring)

@: hasted and slowed
A: horns 1, thin skeletal structure 1
a: no special abilities


You were on level 2 of the Dungeon.
You were not hungry.

You visited 1 branch of the dungeon, and saw 2 of its levels.

You collected 101 gold pieces.

Inventory:

Hand Weapons
 a - a +3 dagger (weapon)
 b - a +0 blowgun
Missiles
 e - 8 poisoned needles
 i - 2 curare-tipped needles
 q - 8 javelins of returning (quivered)
Armour
 c - a +0 robe (worn)
 d - a +0 cloak (worn)
 f - a +0 ring mail
 o - a +0 pair of boots (worn)
 t - a scarf of resistance
Scrolls
 j - a scroll of magic mapping {unknown}
 k - a scroll of fog {unknown}
 l - a scroll of fear {unknown}
 m - a scroll of random uselessness {unknown}
 p - 2 scrolls of teleportation {unknown}
 r - a scroll of amnesia {unknown}
 s - a scroll of enchant weapon
 w - a scroll of remove curse {unknown}
Books
 n - a book of Maledictions

   Spells                             Type                      Level
   a - Corona                         Hexes                        1
   b - Ensorcelled Hibernation        Hexes/Ice                    2
   c - Confuse                        Hexes                        3
   d - Tukima's Dance                 Hexes                        3
   e - Dazzling Spray                 Conjuration/Hexes            3
Comestibles
 g - 7 rations
 h - 3 chunks of flesh


   Skills:
 + Level 2.9 Fighting
 + Level 2.5 Short Blades
 + Level 2.5 Throwing
 + Level 1.6 Dodging
 + Level 5.6 Stealth


You had one spell level left.
You knew the following spells:

 Your Spells              Type           Power        Failure   Level  Hunger
a - Corona                Hex            #......      32%         1    ##.....
b - Ensorcelled Hibernat  Hex/Ice        #.....       45%         2    ###....


Dungeon Overview and Level Annotations

Branches:
Dungeon (2/15)

Altars:
Nemelex Xobeh
Trog

Annotations:
D:2 Natasha


Innate Abilities, Weirdness & Mutations

You have a pair of small horns on your head.
You have a somewhat thin skeletal structure. (Dex +2, Stealth)


Message History

The white imp hits you but does no damage.
The crimson imp hits you. Natasha casts a spell at you.
You feel as though you will be slow longer.
The white imp hits you. The white imp freezes you.
The crimson imp hits you but does no damage.
Natasha howls an incantation.
Natasha's front paws start to glow.
Natasha claws you.
The white imp hits you but does no damage.
Natasha barely misses you. The white imp gestures at you.
The puff of frost hits you!
* * * LOW HITPOINT WARNING * * *
Natasha claws you!
* * * LOW HITPOINT WARNING * * *
The crimson imp misses you.
There is an open door here.
You feel yourself speed up. Natasha claws you!
You die...

##### ##### #....
##...## ##...###....
##.....###.....##....
#...$...#...[...#....
#.......#.......#....
#.......#.......#....
#..5..###.....##....
##h5.## ##...##..#..
#######@#######)##.....#
........................
.......................#
.......................#
#######'#######'##.....#
##...## ##...##..#..
##.....###.....##....
#......(#.......#....
#.......#.......#....


You could see Natasha, a crimson imp and a white imp.

Vanquished Creatures
  Sigmund (D:2)
  A bullfrog zombie (D:2)
  Natasha (D:2)
  3 adders (D:2)
  A dart slug (D:1)
  A leopard gecko (D:1)
  A giant cockroach (D:2)
  2 hobgoblins (D:2)
  A quokka (D:2)
  3 frilled lizards
  4 kobolds
  A rat (D:2)
20 creatures vanquished.

Notes
Turn   | Place    | Note
-------+----------+-------------------------------------------
     0 | D:1      | Manul the Demonspawn Assassin began the quest for the Orb.
     0 | D:1      | Reached XP level 1. HP: 16/16 MP: 1/1
   252 | D:1      | Reached skill level 1 in Dodging
   957 | D:2      | Found a sparkling altar of Nemelex Xobeh.
   957 | D:2      | Noticed Sigmund
   966 | D:2      | Noticed Natasha
   971 | D:2      | Killed Sigmund
   971 | D:2      | Reached skill level 5 in Stealth
   971 | D:2      | Gained mutation: You have a somewhat thin skeletal structure. (Dex +2, Stealth) [demonic ancestry]
   971 | D:2      | Reached XP level 2. HP: 13/23 MP: 2/2
   971 | D:2      | Gained mutation: You have a pair of small horns on your head. [demonic ancestry]
   971 | D:2      | Reached XP level 3. HP: 16/28 MP: 3/3
   971 | D:2      | Reached XP level 4. HP: 20/34 MP: 4/4
   971 | D:2      | Reached XP level 5. HP: 23/39 MP: 5/5
   993 | D:2      | HP: 2/58 [Natasha/magic dart (2)]
   995 | D:2      | Killed Natasha
  1793 | D:2      | Found a bloodstained altar of Trog.
  1885 | D:2      | Learned a level 1 spell: Corona
  1888 | D:2      | Learned a level 2 spell: Ensorcelled Hibernation
  2179 | D:2      | Noticed Natasha
  2244 | D:2      | HP: 2/40 [Natasha (7)]
  2245 | D:2      | Slain by Natasha

Skill      XL: |  1 |
---------------+----+-----
Dodging        | 1 |  1.6
Short Blades   | 2 |  2.5
Throwing       | 2 |  2.5
Stealth        | 5 |  5.6
Fighting       | |  2.9

Action                   |  1- 3 |  4- 6 || total
-------------------------+-------+-------++-------
Melee: Dagger            |    19 |    65 ||    84
       Headbutt          |       |    10 ||    10
 Fire: Blowgun           |     1 |     6 ||     7
Throw: Javelin           |       |     8 ||     8
 Cast: Corona            |       |     3 ||     3
  Use: Potion            |       |     6 ||     6
       Scroll            |       |     1 ||     1
 Stab: Sleeping          |     2 |     2 ||     4
  Eat: Chunk             |       |     2 ||     2
       Ration            |       |     1 ||     1
Armor: Robe              |     1 |    15 ||    16
       Ring mail         |       |     3 ||     3
       Skin              |       |     3 ||     3
Dodge: Dodged            |    10 |    61 ||    71
